Cogmind - Beta 10.2 @@@ ROGUE MODE // 2021.07.03 @ 19:38:43 Player: Sanctumkeeper Result: Destroyed by Enhanced Grunt with Neutron Cannon Performance ------------- Evolutions (3) 1500 Regions Visited (13) 2600 Robots Destroyed (156) 780 Value Destroyed (6261) 6261 Prototype IDs (217) 4340 Alien Tech Used (0) 0 Bonus (6026) 6026 TOTAL SCORE: 21507 Bonus ------- High Alert Combat Kills 586 Follower Combat Kills 40 Entered Garrisons 600 Used RIF Installer 1500 Met Data Miner 300 Used Data Conduit 3000 Cogmind --------- Core Integrity 0/700 Matter 277/300 Energy 19/100 System Corruption 1% Temperature Cool (6) Movement Core (850) Ox16 Location -7/Data Miner Parts ------- > --- POWER (1) -------- (None) > --- PROPULSION (3) --- (None) > --- UTILITY (7) ------ Large Storage Unit Large Storage Unit Large Storage Unit Improved Signal Interpreter Relay Coupler [Grunt] (31) > --- WEAPON (2) ------- Mining Claw > --- INVENTORY (22) --- Long-range Sensor Array Long-range Sensor Array Advanced Terrain Scanner Advanced Terrain Scan Processor Transmission Jammer System Mapper Deep Network Scanner Quantum Router Relay Coupler [NC] (24) Relay Coupler [NC] (24) Relay Coupler [NC] (29) Relay Coupler [Sentry] (24) Relay Coupler [Behemoth] (9) Peak State ------------ > --- POWER ------------ Light Angular Momentum Engine > --- PROPULSION ------- Improved Treads Improved Treads Improved Treads > --- UTILITY ---------- Large Storage Unit Large Storage Unit Large Storage Unit Large Storage Unit Long-range Sensor Array Improved Signal Interpreter Transmission Jammer > --- WEAPON ----------- Enhanced Autogun Precision Assault Rifle > --- INVENTORY -------- Improved Deuterium Engine Improved Treads Improved Treads Improved Treads Medium Treads Improved Heat Sink Advanced Heat Sink High-capacity Matter Pod Long-range Sensor Array Terrain Scanner Terrain Scan Processor Improved Terrain Scan Processor Advanced Targeting Computer Improved Light Armor Plating Improved Light Armor Plating Relay Coupler [NC] Relay Coupler [NC] Relay Coupler [NC] Relay Coupler [Grunt] Relay Coupler [Sentry] Relay Coupler [Behemoth] EM Pulse Cannon EM Pulse Cannon Improved EM Pulse Cannon Enhanced Autogun Enhanced Autogun EMP Blaster Improved Grenade Launcher [Rating: 41] Favorites ----------- Power Light Angular Momentum Engine Engine Light Angular Momentum Engine Power Core Light Nuclear Core Propulsion Light Treads Treads Light Treads Leg Improved Aluminum Leg Wheel Compact Wheel Utility Large Storage Unit Device Long-range Sensor Array Storage Large Storage Unit Processor Improved Signal Interpreter Hackware Relay Coupler [Grunt] Protection Improved Light Armor Plating Weapon Improved Assault Rifle Energy Gun Improved Medium Laser Energy Cannon Advanced Beam Cannon Ballistic Gun Improved Assault Rifle Launcher Improved Grenade Launcher Special Weapon Remote Datajack Slashing Weapon Axe Build | -11 -10 -10 -9 -9 -9 -8 -8 -8 -8 -7 -7 -7 -7 ------- Run | Scr Mat Min Mat Sto Gar Mat Gar Mat Gar Fac Low Low Dat Slots Evolved 6 | . . . 2 . . 2 . . . 2 . . . Power . | . . . . . . . . . . . . . . Propulsion 1 | . . . 1 . . . . . . . . . . Utility 5 | . . . 1 . . 2 . . . 2 . . . Weapon . | . . . . . . . . . . . . . . Parts Attached 155 | 6 16 4 8 24 9 23 7 8 2 15 8 18 7 Power 20 | 1 3 2 . 3 . 3 4 . 1 . 1 2 . Engine 14 | 1 3 2 . 3 . 1 . . 1 . 1 2 . Core 6 | . . . . . . 2 4 . . . . . . Reactor . | . . . . . . . . . . . . . . Propulsion 46 | 2 5 1 4 8 4 4 2 3 1 6 . 5 1 Treads 42 | 1 3 1 4 8 4 4 2 3 1 6 . 5 . Leg 1 | . . . . . . . . . . . . . 1 Wheel 3 | 1 2 . . . . . . . . . . . . Hover . | . . . . . . . . . . . . . . Flight . | . . . . . . . . . . . . . . Utility 37 | 1 4 . 1 1 . 8 1 1 . 8 5 6 1 Device 9 | . . . . . . . . . . 4 3 2 . Storage 13 | 1 3 . 1 1 . 5 . . . 1 . 1 . Processor 1 | . . . . . . . . . . 1 . . . Hackware 1 | . . . . . . . . . . . . . 1 Protection 13 | . 1 . . . . 3 1 1 . 2 2 3 . Artifact . | . . . . . . . . . . . . . . Weapon 52 | 2 4 1 3 12 5 8 . 4 . 1 2 5 5 Energy Gun 1 | . . . . 1 . . . . . . . . . Energy Cannon 9 | . . . . 3 . 1 . . . . . 3 2 Ballistic Gun 35 | 2 4 1 3 8 4 7 . 3 . 1 1 1 . Ballistic Cannon . | . . . . . . . . . . . . . . Launcher 4 | . . . . . 1 . . 1 . . 1 . 1 Special Weapon 1 | . . . . . . . . . . . . . 1 Impact Weapon . | . . . . . . . . . . . . . . Slashing Weapon 2 | . . . . . . . . . . . . 1 1 Piercing Weapon . | . . . . . . . . . . . . . . Special Melee Weapon . | . . . . . . . . . . . . . . Unidentified Prototypes 6 | . . . . 4 . 1 . 1 . . . . . Parts Lost 48 | . 3 2 . 2 . 6 3 2 1 . 1 17 11 Power 10 | . 1 1 . 1 . 2 . . 1 . 1 2 1 Propulsion 15 | . 1 . . 1 . 2 2 . . . . 6 3 Utility 9 | . . . . . . 1 1 1 . . . 4 2 Weapon 14 | . 1 1 . . . 1 . 1 . . . 5 5 Highest Loss Streak 17 | . 2 2 . 1 . 4 1 2 1 . 1 17 10 Average Slot Usage (%) 98 | . 97 99 98 99 100 99 99 99 100 99 100 93 75 Engine 8 | . 13 14 11 10 11 6 . . 8 7 7 5 4 Core 1 | . . . . . . 2 9 9 1 . . . . Treads 25 | . 13 23 32 32 33 26 26 27 27 23 23 21 11 Wheel 1 | . 14 4 . . . . . . . . . . . Device 3 | . . . . . . . . . . 14 14 9 . Storage 32 | . 25 28 32 33 33 35 36 36 36 30 30 32 37 Processor 2 | . . . . . . . . . . 6 7 7 7 Protection 3 | . . . . . . 9 9 9 9 . . 1 . Ballistic Gun 18 | . 27 27 21 20 21 17 18 17 18 15 14 11 . Naked Turns . | . . . . . . . . . . . . . . Heaviest Build 91 | 10 40 44 60 64 61 80 85 83 83 84 86 91 74 Greatest Support 74 | 20 20 40 62 62 60 60 60 60 60 69 69 74 51 Greatest Overweight (x) 3 | . 3 3 1 1 1 1 1 1 1 1 1 3 1 Average Overweight (x) 1 | . 1 1 . . . 1 1 1 1 1 1 1 1 Largest Inventory Capacity 28 | 6 16 16 22 22 22 28 28 28 28 28 28 28 28 Average Capacity 24 | 5 13 16 21 22 22 26 28 28 28 28 28 28 27 Most Carried 28 | 5 16 16 22 22 22 28 28 28 28 28 28 28 19 Average Carried 23 | 2 10 15 19 21 21 25 27 27 27 27 27 24 17 Final Capacity 28 | 6 16 16 22 22 22 28 28 28 28 28 28 28 22 Final Carried 28 | 4 16 16 22 22 22 28 28 28 28 28 28 17 13 Class Distribution -------------------- 53% | Hauler-Mutant 13% | Mutant 13% | Bothacker-Skirmisher 11% | Bothacker-Mutant 7% | Scavenger-Mutant Dominant Class ---------------- Mutant | -10/Materials Mutant | -10/Mines Hauler-Mutant | -9/Materials Hauler-Mutant | -9/Storage Hauler-Mutant | -9/Garrison Scavenger-Mutant | -8/Materials Hauler-Mutant | -8/Garrison Hauler-Mutant | -8/Materials Hauler-Mutant | -8/Garrison Hauler-Mutant | -7/Factory Bothacker-Skirmisher | -7/Lower Caves Bothacker-Skirmisher | -7/Lower Caves Bothacker-Mutant | -7/Data Miner Resources | -11 -10 -10 -9 -9 -9 -8 -8 -8 -8 -7 -7 -7 -7 ----------- Run | Scr Mat Min Mat Sto Gar Mat Gar Mat Gar Fac Low Low Dat Matter Collected 4179 | 181 384 111 380 701 373 614 316 40 331 350 247 127 24 Remotely . | . . . . . . . . . . . . . . Salvage Created 6143 | . 445 244 270 1337 580 926 641 162 367 294 442 321 114 Parts 369 | . 30 12 18 67 41 64 26 13 22 18 26 24 8 Haulers Intercepted 8 | . 2 . 2 3 . 1 . . . . . . . Recyclers Shooed 5 | . . . 2 1 . 1 . . . 1 . . . Parts Field Recycled . | . . . . . . . . . . . . . . Retrieved Matter . | . . . . . . . . . . . . . . Parts Self-Destructed 47 | . . . . . . . . . . . 24 23 . Prevented . | . . . . . . . . . . . . . . Kills | -11 -10 -10 -9 -9 -9 -8 -8 -8 -8 -7 -7 -7 -7 ------- Run | Scr Mat Min Mat Sto Gar Mat Gar Mat Gar Fac Low Low Dat Combat Hostiles Destroyed 132 | . 11 5 4 22 15 22 12 3 14 6 10 7 1 Melee 1 | . . . . . . . . . . . . . 1 Guns 124 | . 11 5 4 22 12 22 12 3 14 6 7 6 . Cannons 1 | . . . . . . . . . . . . 1 . AOE 6 | . . . . . 3 . . . . . 3 . . Classes Destroyed 15 | . 5 2 1 4 . . . . . 1 . 2 . Worker 4 | . 1 1 . 2 . . . . . . . . . Builder 4 | . 1 1 . 1 . 1 . . . . . . . Tunneler 2 | . . 1 . . . 1 . . . . . . . Hauler 8 | . 2 . 2 3 . 1 . . . . . . . Recycler 2 | . . 1 . 1 . . . . . . . . . Operator 1 | . . . . 1 . . . . . . . . . Watcher 2 | . . . . 1 . 1 . . . . . . . Swarmer 38 | . 6 3 . . 3 10 . . 10 . 3 3 . Grunt 55 | . 5 2 3 11 8 5 12 . 2 2 4 1 . Brawler 4 | . . . . 1 1 . . . 1 1 . . . Duelist 7 | . . . . 1 1 1 . . 1 . 2 1 . Sentry 22 | . . . 1 9 2 6 . 3 . . 1 . . Hunter 1 | . . . . . . . . . . . . 1 . Programmer 3 | . . . . . . . . . . 3 . . . Behemoth 1 | . . . . . . . . . . . . 1 . Enhanced Grunt 1 | . . . . . . . . . . . . . 1 Best Kill Streak 6 | . 3 5 2 4 3 6 3 2 6 3 3 3 1 Combat Bots Only 6 | . 3 3 2 3 3 4 3 2 6 3 3 3 1 Max Kills in Single Turn 3 | . 2 2 1 2 2 2 1 1 2 1 3 1 1 Gunslinging 1 | . 1 . . 1 1 1 . . 1 . . . . Exploded 3 | . . . . . 2 . . . . . 3 . . Melee 1 | . . . . . . . . . . . . . 1 Uniques/NPCs Destroyed 1 | . . . . . . . . . . . . . 1 Data Miner (-7/Data Miner) Combat | -11 -10 -10 -9 -9 -9 -8 -8 -8 -8 -7 -7 -7 -7 -------- Run | Scr Mat Min Mat Sto Gar Mat Gar Mat Gar Fac Low Low Dat Damage Taken 10679 | 1 646 185 97 1085 789 1237 983 231 475 199 661 2335 1755 Core 1351 | . 107 7 12 149 98 83 83 28 65 . 43 219 457 Absorbed by Shields 89 | . . . . . . . . . 89 . . . . Core Remaining (%) 60 | 100 . 54 . . 35 . . . 52 . . . . Volleys Fired 466 | . 44 18 25 82 42 72 45 9 41 19 27 37 5 Largest 2 | . 2 2 2 2 2 2 2 2 2 2 2 2 1 Hottest 140 | . 40 40 40 68 46 68 46 53 53 53 61 140 69 Shots Fired 914 | . 88 36 50 159 81 141 89 17 82 38 54 74 5 Gun 886 | . 88 36 50 154 78 138 89 16 82 38 53 64 . Cannon 21 | . . . . 5 . 3 . . . . . 10 3 Launcher 6 | . . . . . 3 . . 1 . . 1 . 1 Special 1 | . . . . . . . . . . . . . 1 Kinetic 886 | . 88 36 50 154 78 138 89 16 82 38 53 64 . Thermal 18 | . . . . 5 . 3 . . . . . 10 . Explosive 6 | . . . . . 3 . . 1 . . 1 . 1 Electromagnetic 3 | . . . . . . . . . . . . . 3 Robot Hit Streak 30 | . 6 7 15 28 30 12 13 11 15 6 20 15 8 Robot Miss Streak 4 | . 4 2 3 2 2 3 1 1 3 2 2 1 . Penetration Max . | . . . . . . . . . . . . . . Secondary Targets 16 | . 2 1 . 2 3 4 1 . 3 . . . . Max Gunslinging Chain 1 | . 1 1 . 1 1 1 1 . 1 . . . . Shots Hit Robots 676 | . 49 22 32 124 61 105 68 14 52 24 42 65 18 Core Hits 277 | . 25 13 14 53 22 43 30 5 20 10 19 15 8 Critical Hits 4 | . 1 . . 1 1 . . . 1 . . . . Critical Kills 2 | . 1 . . 1 . . . . . . . . . Critical Parts Destroyed 2 | . . . . . 1 . . . 1 . . . . Melee Attacks 24 | . . . . . . . . . . . . 5 19 Impact . | . . . . . . . . . . . . . . Slashing 24 | . . . . . . . . . . . . 5 19 Piercing . | . . . . . . . . . . . . . . Sneak Attacks 1 | . . . . . . . . . . . . . 1 Combat Hostiles . | . . . . . . . . . . . . . . Follow-up Attacks . | . . . . . . . . . . . . . . Damage Inflicted 11291 | 2 545 281 324 1991 1125 1653 1005 230 936 445 866 1210 678 Guns 9751 | . 536 277 324 1837 943 1652 1005 230 936 444 681 886 . Cannons 266 | . . . . 23 . . . . . . . 192 51 Explosions 608 | . . . . 124 182 . . . . . 185 . 117 Melee 642 | . . . . . . . . . . . . 132 510 Ramming 24 | 2 9 4 . 7 . 1 . . . 1 . . . Kinetic 9751 | . 536 277 324 1837 943 1652 1005 230 936 444 681 886 . Thermal 215 | . . . . 23 . . . . . . . 192 . Explosive 608 | . . . . 124 182 . . . . . 185 . 117 Electromagnetic 51 | . . . . . . . . . . . . . 51 Impact . | . . . . . . . . . . . . . . Slashing 642 | . . . . . . . . . . . . 132 510 Piercing . | . . . . . . . . . . . . . . Highest Corruption 3 | . . . . 3 3 . . . . 1 1 1 1 Average Corruption 1 | . . . . 2 3 . . . . 1 1 1 1 Corruption Purged . | . . . . . . . . . . . . . . Effects 46 | . . . . 15 14 . . . . 1 8 5 3 Message Errors 15 | . . . . 4 7 . . . . . 3 1 . Matter Fused 4 | . . . . 2 2 . . . . . . . . Heat Flow Errors 5 | . . . . 1 4 . . . . . . . . Energy Discharges 9 | . . . . 5 . . . . . . 4 . . Data Loss (minor) 5 | . . . . 1 . . . . . 1 1 1 1 Targeting Errors 8 | . . . . 2 1 . . . . . . 3 2 Overload Shots . | . . . . . . . . . . . . . . Overflow Damage 31 | . . . . . 6 . . . . . . 25 . Projectiles . | . . . . . . . . . . . . . . Explosions 6 | . . . . . 6 . . . . . . . . Melee 25 | . . . . . . . . . . . . 25 . Knockbacks 1 | . 1 . . . . . . . . . . . . Impact 1 | . 1 . . . . . . . . . . . . Kinetic . | . . . . . . . . . . . . . . Secondary . | . . . . . . . . . . . . . . Self-Inflicted Damage 104 | 1 . . . . 48 . . 4 . . . . 51 Shots 3 | . . . . . 1 . . 1 . . . . 1 Rammed 9 | 1 2 2 . 2 . 1 . . . 1 . . . Targets Rammed 9 | 1 2 2 . 2 . 1 . . . 1 . . . Kicked . | . . . . . . . . . . . . . . Crushed . | . . . . . . . . . . . . . . Highest Temperature 339 | . 30 20 7 267 269 339 37 17 29 22 36 246 6 Average Temperature 39 | . 9 7 5 40 123 54 11 8 9 9 14 63 4 Received Heat Transfer 3154 | . 231 57 39 378 156 378 549 54 76 90 180 744 222 Siege Activations . | . . . . . . . . . . . . . . Robots Corrupted . | . . . . . . . . . . . . . . Combat Hostiles . | . . . . . . . . . . . . . . Parts Fried . | . . . . . . . . . . . . . . Impact Corruptions . | . . . . . . . . . . . . . . Robots Melted . | . . . . . . . . . . . . . . Combat Hostiles . | . . . . . . . . . . . . . . Parts Melted 2 | . . . . . . . . . . . . 2 . Heat Transferred 385 | . . . . 37 . . . . . . . 348 . Parts Sabotaged . | . . . . . . . . . . . . . . Parts Stolen . | . . . . . . . . . . . . . . Parts Stripped . | . . . . . . . . . . . . . . Power Chain Reactions . | . . . . . . . . . . . . . . Missiles Intercepted . | . . . . . . . . . . . . . . Alert | -11 -10 -10 -9 -9 -9 -8 -8 -8 -8 -7 -7 -7 -7 ------- Run | Scr Mat Min Mat Sto Gar Mat Gar Mat Gar Fac Low Low Dat Peak Influence 878 | . 241 163 137 486 878 756 808 544 858 480 . . . Initial 450 | . . 43 . 16 243 427 418 393 353 450 . . . Average 381 | . 118 74 19 171 616 624 633 477 635 352 . . . Maximum Alert Level 3 | . 1 . . 2 3 3 3 2 3 2 . . . Low Security (%) 32 | 100 86 100 100 66 . . . . . . . . . Level 1 17 | . 13 . . 24 19 . . 18 8 67 . . . Level 2 34 | . . . . 9 31 78 60 81 52 32 . . . Level 3 15 | . . . . . 48 21 39 . 39 . . . . Level 4 . | . . . . . . . . . . . . . . Level 5 . | . . . . . . . . . . . . . . High Security . | . . . . . . . . . . . . . . Max Security . | . . . . . . . . . . . . . . Squads Dispatched 13 | . 1 1 2 4 . 2 . 1 . 2 . . . Investigation 4 | . . 1 1 1 . 1 . . . . . . . Extermination 2 | . . . . . . . . . . 2 . . . Reinforcement 3 | . 1 . 1 . . . . 1 . . . . . Assault 1 | . . . . . . 1 . . . . . . . Garrison 3 | . . . . 3 . . . . . . . . . Intercept . | . . . . . . . . . . . . . . Construction Impeded . | . . . . . . . . . . . . . . Haulers Reinforced . | . . . . . . . . . . . . . . Stealth | -11 -10 -10 -9 -9 -9 -8 -8 -8 -8 -7 -7 -7 -7 --------- Run | Scr Mat Min Mat Sto Gar Mat Gar Mat Gar Fac Low Low Dat Distress Signals 2 | . . . 1 . . 1 . . . . . . . Communications Jammed . | . . . . . . . . . . . . . . Distress Signals . | . . . . . . . . . . . . . . Times Spotted 193 | . 23 5 11 26 20 33 17 8 17 7 11 11 4 Peak Tracking Total 7 | . 4 3 3 3 5 5 3 3 4 3 7 4 3 Tactical Retreats 21 | . 2 . . 1 7 1 2 . 4 . 1 3 . Traps | -11 -10 -10 -9 -9 -9 -8 -8 -8 -8 -7 -7 -7 -7 ------- Run | Scr Mat Min Mat Sto Gar Mat Gar Mat Gar Fac Low Low Dat Traps Triggered 20 | . 3 . 1 1 6 2 4 . 2 1 . . . Indirectly . | . . . . . . . . . . . . . . Trap Hack Attempts . | . . . . . . . . . . . . . . Triggered . | . . . . . . . . . . . . . . Disarmed . | . . . . . . . . . . . . . . Reprogrammed . | . . . . . . . . . . . . . . Reused . | . . . . . . . . . . . . . . Traps Extracted . | . . . . . . . . . . . . . . Installed . | . . . . . . . . . . . . . . Triggered 1 | . . 1 . . . . . . . . . . . Machines | -11 -10 -10 -9 -9 -9 -8 -8 -8 -8 -7 -7 -7 -7 ---------- Run | Scr Mat Min Mat Sto Gar Mat Gar Mat Gar Fac Low Low Dat Machines Disabled 13 | . 1 . . 4 2 . 2 . 3 1 . . . Max in Single Turn 2 | . 1 . . 2 1 . 1 . 1 1 . . . Garrison Relay 7 | . . . . . 2 . 2 . 3 . . . . Machines Sabotaged . | . . . . . . . . . . . . . . Garrisons Compromised . | . . . . . . . . . . . . . . Overloaded Fab Kills . | . . . . . . . . . . . . . . Fab Network Shutdowns . | . . . . . . . . . . . . . . Hacking | -11 -10 -10 -9 -9 -9 -8 -8 -8 -8 -7 -7 -7 -7 --------- Run | Scr Mat Min Mat Sto Gar Mat Gar Mat Gar Fac Low Low Dat Machines Accessed 30 | . 2 1 4 8 . 3 . 4 . 3 1 . 4 Terminals 19 | . 2 . 4 7 . 2 . 3 . 1 . . . Fabricators . | . . . . . . . . . . . . . . Repair Stations . | . . . . . . . . . . . . . . Recycling Units . | . . . . . . . . . . . . . . Scanalyzers 2 | . . . . . . . . . . 2 . . . Garrison Access 3 | . . . . 1 . 1 . 1 . . . . . Total Hacks 88 | . 6 1 12 18 . 6 . 10 . 6 1 . 28 Successful 67 | . 4 1 7 11 . 3 . 7 . 5 1 . 28 Failed 21 | . 2 . 5 7 . 3 . 3 . 1 . . . Catastrophic 3 | . . . 2 1 . . . . . . . . . Database Lockouts . | . . . . . . . . . . . . . . Manual 40 | . 6 . 12 10 . 4 . 7 . 1 . . . Terminals 51 | . 6 . 12 17 . 5 . 9 . 2 . . . Fabricators . | . . . . . . . . . . . . . . Repair Stations . | . . . . . . . . . . . . . . Recycling Units . | . . . . . . . . . . . . . . Scanalyzers 4 | . . . . . . . . . . 4 . . . Garrison Access 3 | . . . . 1 . 1 . 1 . . . . . Terminal Hacks 42 | . 2 1 2 4 . 1 . 2 . 1 1 . 28 Record 11 | . . . . . . . . . . . . . 11 Part Schematic 8 | . . . . 1 . . . . . . . . 7 Robot Schematic 7 | . . . . . . . . . . . . . 7 Robot Analysis 3 | . 2 . 1 . . . . . . . . . . Prototype ID Bank 3 | . . . . . . . . . . . . . 3 Open Door 4 | . . 1 . 2 . . . . . . 1 . . Branch Access Points 3 | . . . 1 . . 1 . . . 1 . . . Zone Layout 3 | . . . . 1 . . . 2 . . . . . Fabricator Hacks . | . . . . . . . . . . . . . . Repair Station Hacks . | . . . . . . . . . . . . . . Recycling Unit Hacks . | . . . . . . . . . . . . . . Scanalyzer 3 | . . . . . . . . . . 3 . . . Insert Component 2 | . . . . . . . . . . 2 . . . Analyze 1 | . . . . . . . . . . 1 . . . Garrison Access Hacks 3 | . . . . 1 . 1 . 1 . . . . . Unlock Access 3 | . . . . 1 . 1 . 1 . . . . . Unauthorized Hacks 19 | . 2 . 5 6 . 1 . 4 . 1 . . . Terminals 19 | . 2 . 5 6 . 1 . 4 . 1 . . . Track 3 | . . . 1 2 . . . . . . . . . Botnet 15 | . 2 . 4 4 . 1 . 3 . 1 . . . Operators 1 | . . . . . . . . 1 . . . . . Fabricators . | . . . . . . . . . . . . . . Repair Stations . | . . . . . . . . . . . . . . Recycling Units . | . . . . . . . . . . . . . . Scanalyzers . | . . . . . . . . . . . . . . Garrison Access . | . . . . . . . . . . . . . . Data Cores Recovered 1 | . . . . 1 . . . . . . . . . Used . | . . . . . . . . . . . . . . Hacking Detections 19 | . 1 . 4 6 . 2 . 3 . 3 . . . Full Trace Events 2 | . . . 1 1 . . . . . . . . . Feedback Events 1 | . . . . 1 . . . . . . . . . Corruption 1 | . . . . 1 . . . . . . . . . Feedback Blocked . | . . . . . . . . . . . . . . Robot Schematics Acquired 7 | . . . . . . . . . . . . . 7 Robots Built . | . . . . . . . . . . . . . . Matter . | . . . . . . . . . . . . . . Time . | . . . . . . . . . . . . . . Total Robot Build Rating . | . . . . . . . . . . . . . . Part Schematics Acquired 9 | . . . . 1 . . . . . 1 . . 7 Parts Built . | . . . . . . . . . . . . . . Matter . | . . . . . . . . . . . . . . Time . | . . . . . . . . . . . . . . Total Part Build Rating . | . . . . . . . . . . . . . . Parts Repaired . | . . . . . . . . . . . . . . Time . | . . . . . . . . . . . . . . Parts Recycled . | . . . . . . . . . . . . . . Recycled Matter . | . . . . . . . . . . . . . . Retrieved Matter . | . . . . . . . . . . . . . . Retrieved Components . | . . . . . . . . . . . . . . Parts Scanalyzed 1 | . . . . . . . . . . 1 . . . Part Schematics Acquired 1 | . . . . . . . . . . 1 . . . Parts Damaged . | . . . . . . . . . . . . . . Bothacking | -11 -10 -10 -9 -9 -9 -8 -8 -8 -8 -7 -7 -7 -7 ------------ Run | Scr Mat Min Mat Sto Gar Mat Gar Mat Gar Fac Low Low Dat Used RIF Installer 3 | . . . . . 1 . 1 . 1 . . . . Watcher Feeds 1 | . . . . . . . 1 . . . . . . Structural Interface 1 | . . . . . . . . . 1 . . . . Robots Hacked 1 | . . . . . . . . . . . . . 1 Non-combat . | . . . . . . . . . . . . . . Combat 1 | . . . . . . . . . . . . . 1 Robot Hacks Applied 1 | . . . . . . . . . . . . . 1 parse_system 1 | . . . . . . . . . . . . . 1 Relay Couplers Released 29 | . . . . . 10 . 8 . 11 . . . . Machine Destruction 29 | . . . . . 10 . 8 . 11 . . . . Attached 1 | . . . . . . . . . . . . . 1 Robots Rewired 2 | . . . . . . . . . . . 2 . . Allies Hacked . | . . . . . . . . . . . . . . Hacks Repelled . | . . . . . . . . . . . . . . Allies | -11 -10 -10 -9 -9 -9 -8 -8 -8 -8 -7 -7 -7 -7 -------- Run | Scr Mat Min Mat Sto Gar Mat Gar Mat Gar Fac Low Low Dat Total Allies 6 | . . 1 . . . . . . . 3 2 . . Largest Group 3 | . . 1 1 . . . . . . 3 2 2 . Highest-Rated Group 93 | . . 31 31 . . . . . . 93 46 46 . Highest-Rated Ally 31 | . . 31 31 . . . . . . 31 30 30 . Total Orders . | . . . . . . . . . . . . . . Ally Attacks 24 | . . . . . . . . . . 21 . 3 . Total Damage 415 | . . . . . . . . . . 371 . 44 . Kills 1 | . . . . . . . . . . 1 . . . Allies Corrupted . | . . . . . . . . . . . . . . Allies Melted . | . . . . . . . . . . . . . . Intel | -11 -10 -10 -9 -9 -9 -8 -8 -8 -8 -7 -7 -7 -7 ------- Run | Scr Mat Min Mat Sto Gar Mat Gar Mat Gar Fac Low Low Dat Robot Analysis Total 118 | . 2 . 1 . . . . . . . . . 115 Derelict Logs Recovered 3 | . . 1 . . . . . . . . 1 1 . Drone Launches . | . . . . . . . . . . . . . . Drone Recoveries . | . . . . . . . . . . . . . . Exploration | -11 -10 -10 -9 -9 -9 -8 -8 -8 -8 -7 -7 -7 -7 ------------- Run | Scr Mat Min Mat Sto Gar Mat Gar Mat Gar Fac Low Low Dat Turns Passed 11183 | 65 877 589 673 1233 762 1211 763 378 1087 1216 1372 713 244 Spaces Moved 5325 | 49 554 333 348 478 332 491 324 169 540 607 699 321 80 Core 3 | 3 . . . . . . . . . . . . . Treads 4730 | 1 127 213 348 478 332 491 324 169 540 607 699 321 80 Legs . | . . . . . . . . . . . . . . Wheels 592 | 45 427 120 . . . . . . . . . . . Hover . | . . . . . . . . . . . . . . Flight . | . . . . . . . . . . . . . . Fastest Speed 50 | 50 100 110 155 155 160 180 180 180 180 180 180 180 180 Average Speed 169 | 98 124 155 156 174 179 180 180 180 180 180 180 180 180 Slowest Speed 220 | 160 180 200 180 180 180 180 180 180 180 180 180 220 180 Overloaded Moves . | . . . . . . . . . . . . . . Propulsion Burnouts . | . . . . . . . . . . . . . . Robots Hopped . | . . . . . . . . . . . . . . Cave-ins Triggered . | . . . . . . . . . . . . . . Exploration Rate (%) 50 | 4 71 64 29 81 63 40 59 17 51 13 80 58 78 Regions Visited 13 Branch Regions 5 Pre-discovered Areas 27 | . . . . . . . . . . . . 1 26 Known Exits Taken 7 | . . . 1 1 . 1 . 1 . 1 1 1 . Unknown Exits Taken 3 | 1 1 1 . . . . . . . . . . . Scrap Searched 7 | . . 1 . . . . . . . . 3 3 . Spaces Dug 8 | . . . . . . . . 8 . . . . . Terrain Destroyed 42 | . . . . 13 11 . . 8 . . 10 . . Melee . | . . . . . . . . . . . . . . Projectile . | . . . . . . . . . . . . . . AOE 42 | . . . . 13 11 . . 8 . . 10 . . Terrain Rammed . | . . . . . . . . . . . . . . Walls Destroyed . | . . . . . . . . . . . . . . Machines Disabled . | . . . . . . . . . . . . . . Actions | -11 -10 -10 -9 -9 -9 -8 -8 -8 -8 -7 -7 -7 -7 --------- Run | Scr Mat Min Mat Sto Gar Mat Gar Mat Gar Fac Low Low Dat Total 6655 | 63 663 372 439 728 424 692 423 231 593 715 778 392 142 Wait 377 | . 17 7 34 102 14 59 22 38 4 38 5 9 28 Move 5309 | 48 553 332 347 477 330 490 322 168 538 606 698 320 80 Hop . | . . . . . . . . . . . . . . Pick Up 123 | 6 19 5 15 12 5 24 9 3 2 15 3 2 3 Fast Attach 29 | 6 7 . 3 6 1 4 . 1 . . . 1 . Attach 44 | . 3 2 2 1 . 7 3 2 1 2 1 13 7 Detach 2 | . 1 . . . . 1 . . . . . . . Swap 82 | . 6 2 3 17 8 12 4 5 1 13 7 4 . Drop 131 | 2 11 4 10 29 12 22 10 5 2 21 2 1 . Fire 466 | . 44 18 25 82 42 72 45 9 41 19 27 37 5 Melee 24 | . . . . . . . . . . . . 5 19 Ram 1 | 1 . . . . . . . . . . . . . Kick . | . . . . . . . . . . . . . . Crush 8 | . 2 2 . 2 . 1 . . . 1 . . . Escape Stasis 24 | . . . . . 12 . 8 . 4 . . . . Rewire 35 | . . . . . . . . . . . 35 . . Trap . | . . . . . . . . . . . . . . Miscellaneous . | . . . . . . . . . . . . . . Route ------- -11/Scrapyard -10/Materials (discovered 2 exits: *Mat / *Min) -10/Mines (discovered 2 exits: *Mat x2) -9/Materials (discovered 3 exits: *Min / *Sto x2) -9/Storage (discovered 3 exits: *Mat / [Rec] / Gar) -9/Garrison (discovered 2 exits: *Mat x2) -8/Materials (discovered 2 exits: *Fac / Gar) -8/Garrison (discovered 2 exits: *Mat x2) -8/Materials -8/Garrison (discovered 2 exits: *Fac x2) -7/Factory (discovered 2 exits: *Low x2) -7/Lower Caves (discovered 2 exits: *Low / *Zio) -7/Lower Caves (discovered 2 exits: [*Fac] / *Dat) -7/Data Miner (discovered 1 exit: [*Pro]) History --------- Turn | Location | Event 19 | -11/Scrapyard | Discovered new exit (range 15) 66 | -11/Scrapyard | Entered Materials 184 | -10/Materials | Discovered new exit (range 7) 261 | -10/Materials | Discovered new exit (range 16) 311 | -10/Materials | Build established: Mutant 943 | -10/Materials | Entered Mines 948 | -10/Mines | Met a Derelict bent on vengeance 961 | -10/Mines | Discovered new exit (range 4) 1109 | -10/Mines | Met a Derelict shopkeep closing up shop 1349 | -10/Mines | Discovered new exit (range 7) 1402 | -10/Mines | Received a Mining Laser from a helpful Derelict 1458 | -10/Mines | Learned Materials terminal intel 1488 | -10/Mines | Assembled infested the area 1532 | -10/Mines | Entered Materials 1532 | -9/Materials | Accompanied by 1 ally 1532 | -9/Materials | Evolved 2 slots: Propulsion x1, Utility x1 1533 | -9/Materials | Loaded intel: 12 terminal locations 1862 | -9/Materials | Build established: Hauler-Mutant 1951 | -9/Materials | Identified exit to Mines 1951 | -9/Materials | Identified exit to Storage 2205 | -9/Materials | Entered Storage 2670 | -9/Storage | Discovered new exit (range 16) 3138 | -9/Storage | Garrison activated, responded to threat 3266 | -9/Storage | Garrison activated, responded to threat 3322 | -9/Storage | Identified exit to Garrison 3355 | -9/Storage | Discovered new exit (range 16) 3438 | -9/Storage | Entered Garrison 3447 | -9/Garrison | Installed Relay Interface Framework 3516 | -9/Garrison | Triggered checkpoint 3606 | -9/Garrison | Core integrity fell below 50% 3794 | -9/Garrison | Triggered checkpoint 3828 | -9/Garrison | Garrison Relay disabled 3864 | -9/Garrison | Discovered new exit (range 14) 4005 | -9/Garrison | Triggered checkpoint 4062 | -9/Garrison | Discovered new exit (range 12) 4116 | -9/Garrison | Garrison Relay disabled 4200 | -9/Garrison | Entered Materials 4200 | -8/Materials | Evolved 2 slots: Utility x2 4379 | -8/Materials | Build established: Scavenger-Mutant 4874 | -8/Materials | Discovered new exit (range 14) 5000 | -8/Materials | First assault squad dispatched 5159 | -8/Materials | Lost 4 parts (1p2n1w) 5207 | -8/Materials | Build established: Hauler-Mutant 5409 | -8/Materials | Identified exit to Garrison 5411 | -8/Materials | Entered Garrison 5537 | -8/Garrison | Triggered checkpoint 5699 | -8/Garrison | Discovered new exit (range 13) 5737 | -8/Garrison | Expanded RIF knowledge: Patrol Navigation 5800 | -8/Garrison | Triggered checkpoint 5839 | -8/Garrison | Garrison Relay disabled 5939 | -8/Garrison | Triggered checkpoint 6037 | -8/Garrison | Discovered new exit (range 10) 6076 | -8/Garrison | Triggered checkpoint 6089 | -8/Garrison | Garrison Relay disabled 6174 | -8/Garrison | Entered Materials 6550 | -8/Materials | Identified exit to Garrison 6552 | -8/Materials | Entered Garrison 6619 | -8/Garrison | Triggered checkpoint 6803 | -8/Garrison | Discovered new exit (range 8) 6934 | -8/Garrison | Discovered new exit (range 14) 6970 | -8/Garrison | Expanded RIF knowledge: Structural Interface 7058 | -8/Garrison | Triggered checkpoint 7075 | -8/Garrison | Garrison Relay disabled 7215 | -8/Garrison | Garrison Relay disabled 7334 | -8/Garrison | Triggered checkpoint 7420 | -8/Garrison | Garrison Relay disabled 7639 | -8/Garrison | Entered Factory 7639 | -7/Factory | Evolved 2 slots: Utility x2 7830 | -7/Factory | Allied Derelicts emerged from ambush trap array 8105 | -7/Factory | Identified exit to Lower Caves 8598 | -7/Factory | Build established: Bothacker-Mutant 8855 | -7/Factory | Entered Lower Caves 9192 | -7/Lower Caves | Learned Factory machine intel 9360 | -7/Lower Caves | Build established: Bothacker-Skirmisher 9680 | -7/Lower Caves | Attracted the attention of an 0b10 outpost 9916 | -7/Lower Caves | Discovered new exit (range 14) 9955 | -7/Lower Caves | A Derelict revealed a hidden shortcut to a safe place 9955 | -7/Lower Caves | Identified exit to Lower Caves 9968 | -7/Lower Caves | Identified exit to Zion 10227 | -7/Lower Caves | Entered another Lower Caves area 10227 | -7/Lower Caves | Accompanied by 2 allies 10339 | -7/Lower Caves | Discovered new exit (range 9) 10668 | -7/Lower Caves | Spotted B-75 Beast 10733 | -7/Lower Caves | Destroyed B-75 Beast 10831 | -7/Lower Caves | Lost 17 parts (2p6n4u5w) 10842 | -7/Lower Caves | Learned location of Zion (-6) 10924 | -7/Lower Caves | Discovered new exit (range 9) 10937 | -7/Lower Caves | Identified exit to Data Miner 10940 | -7/Lower Caves | Entered Data Miner 10940 | -7/Data Miner | Discovered new exit (range 7) 10975 | -7/Data Miner | Met Data Miner 10978 | -7/Data Miner | Build established: Bothacker-Mutant 11005 | -7/Data Miner | Learned location of Section 7 (-3) 11005 | -7/Data Miner | Acquired the access code to Warlord's prototype stash 11038 | -7/Data Miner | Received God Mode back door access code from Data Miner 11073 | -7/Data Miner | Destroyed Data Miner 11077 | -7/Data Miner | Found Prototype Hackware 11080 | -7/Data Miner | Found Prototype Hackware 11083 | -7/Data Miner | Found Prototype Hackware 11084 | -7/Data Miner | Interfaced with the Data Conduit 11134 | -7/Data Miner | Core integrity fell below 50% 11167 | -7/Data Miner | Core integrity fell below 20% 11184 | -7/Data Miner | Destroyed by Enhanced Grunt with Neutron Cannon Last Messages --------------- Downloaded encryption format records. Connection remotely terminated. 11095_ System corrupted: Axe targeting data glitched. 11097_ Lgt. Ion Engine destroyed. 11130_ Med. Treads destroyed. 11135_ Imp. Treads destroyed. 11138_ System corrupted: Remote Datajack targeting data glitched. 11138_ Jacked Enhanced Grunt... >>parse_system Reading system data... 11142_ Enhanced Grunt Adv. Particle Charger severed. 11148_ Enhanced Grunt destroyed. 11153_ Axe destroyed. 11153_ Imp. Aluminum Leg destroyed. 11162_ EM Pulse Cannon destroyed. 11168_ Remote Datajack destroyed. 11175_ Imp. EM Pulse Cannon destroyed. 11175_ Hcp. Matter Pod destroyed. 11178_ Imp. Grenade Launcher destroyed. 11180_ Lrg. Storage Unit destroyed. Map ----- +----------------------------------------------------+ | | | | | | | | | | | | | | | | | | | | | | | | | | | | | | | ??????????????????????????????? | | ??????????????????????????????? | | ??????????????????????????????? | | ??????????????????????????????? | | ??????????????????????????????? | | ????#################?????????? | | ???##"""""""""""""""######????? | | ??##""""""""" """"""""###### | | ??#" """" """ | | ??#"" " | | ??#""!@ | | ??#" %gg* | | ??#" = | | ??#"" g """"""" | | ??#" " " "" """"##### | | ??##""""""" """""###???? | | ???##"""""""" "#####?????? | | ????########"## "#?????????? | | ???????????#"### "#?????????? | | ???????????#"### "#?????????? | | ???????????#"?# "#?????????? | | ?????????????## "#?????????? | | ?????????????# "#?????????? | | ?????????????### "#?????????? | | ???????????????# "##????????? | | ??????????????## ""#????????? | | ???????????#?## ""#????????? | | ??????????##"#"X ""#????????? | | ??????????""""" "####?????? | | ??????????""""" X"""""?????? | | ??????????##"#"X "##"#?????? | | ???????????#?## X""""#?????? | | ??????????????## "##"#?????? | | ???????????????#######????????? | | ??????????????????????????????? | +----------------------------------------------------+ Best States ------------- Heat Dissipation 34 Energy Generation 18 Energy Capacity 290 Matter Stores 500 Matter Capacity 500 Sight Range 16 Robot Scan Range 20 Terrain Scan Range 20 Terrain Scan Density 10 Jamming Range 8 Armor Coverage 375 Evasion (%) 40 Recoil Reduction 3 Relay Coupler Types 31 Relay Coupler Value 1 Item Schematics ----------------- Imp. Signal Interpreter | -9/Storage | Hacked Lrn. Sensor Array | -7/Factory | Scanalyzed Combat Drone Bay | -7/Data Miner | Free Lgt. Regenerative Plating | -7/Data Miner | Free Cmb. Gravmag System | -7/Data Miner | Free Tactical Coordination Suite | -7/Data Miner | Free Plasma Sword | -7/Data Miner | Free Kinetic Spear | -7/Data Miner | Free Exp. Targeting Computer | -7/Data Miner | Free Robot Schematics ------------------ S-27 Virus | -7/Data Miner | Free G-50 Soldier | -7/Data Miner | Free G-67 Veteran | -7/Data Miner | Free L-41 Fighter | -7/Data Miner | Free X-72 Disruptor | -7/Data Miner | Free H-66 Slayer | -7/Data Miner | Free I-36 Angel | -7/Data Miner | Free Fabricated ------------ Nothing Alien Tech Used ----------------- None Achievements -------------- None Challenges ------------ None Game ------ Seed ModifiedReactionCloak Manual? 0 Play Time 01:08:04 Cumulative 151.5 hours Start 2021.07.03 @ 17:44:43 End 2021.07.03 @ 19:38:43 Sessions 3 Manual Loads 0 Difficulty Rogue Special Mode None Game No. 117 Rogue 117 Adventurer 0 Explorer 0 Win Type - Total 5 Types 5/0/0/0/0/0/0/0/0 Lore% 78 Gallery% 66 Achievement% 54 Wizard Run 0 Options --------- ASCII 0 Keyboard 1 Movement Arrows Keybinds 0 Fullscreen 1 Font 18/SmallcapsGlow Map View 76x50 Tactical HUD 1 Map Filters NONE Filters NONE Steam 1 RUN: a0f5bd09-8562-435d-bff4-24aef24c8a2b